 Dungeon Crawl Stone Soup version 0.30.0-17-ge0270778cf (webtiles) character file.

Game seed: 6864242590635268749

46930 Fymir27 the Fighter (level 14, -4/122 HPs)
             Began as a Red Draconian Air Elementalist on May 20, 2023.
             Was an Initiate of Gozag.
             Killed by divine providence
             ... invoked by Saint Roka
              (17 damage)
             ... on level 2 of the Orcish Mines on May 21, 2023.
             The game lasted 03:11:13 (21716 turns).

Fymir27 the Fighter (DrAE)                         Turns: 21716, Time: 03:11:13

Health: -4/122     AC: 14    Str:  8    XL:     14   Next: 6%
Magic:  12/32      EV: 15    Int: 29    God:    Gozag
Gold:   300        SH:  5    Dex: 13    Spells: 5/25 levels left

rFire   + + +        a - +6 rapier "Xenurawoff" {elec, Str-5 Int+6}
rCold   . . .        I - +0 buckler
rNeg    . . .        (body armour unavailable)
rPois   .            e - +2 hat
rElec   .            G - +1 cloak
rCorr   +            h - +0 pair of gloves
SInv    +            A - +0 pair of boots
Will    +....        B - amulet of magic regeneration
Stlth   +++          f - +6 ring of intelligence
HPRegen 0.40/turn    p - ring "Banwuokk" {rF++ rCorr MP+9 SInv}
MPRegen 0.63/turn

%: no passive effects
@: no status effects
A: breathe fire, AC +8, unfitting armour, fire resistance 1, cold-blooded
a: Breathe Fire, Renounce Religion, Potion Petition, Call Merchant, Bribe Branch


You were on level 2 of the Orcish Mines.
You worshipped Gozag.
Gozag was aware of your devotion.
You visited 3 branches of the dungeon, and saw 19 of its levels.
You also visited: Bailey.

You collected 4010 gold pieces.
You spent 1013 gold pieces at shops.
You paid 2697 gold pieces to Gozag.

Inventory:

Hand Weapons
 a - the +6 rapier "Xenurawoff" (weapon) {elec, Str-5 Int+6}
   (You bought it in a shop on level 3 of the Lair of Beasts)

   Str:       It affects your strength (-5).
   Int:       It affects your intelligence (+6).
 V - the +1 dagger of Grandeur {vamp, rC+ rCorr Dex+3}
   (You bought it in a shop on level 3 of the Lair of Beasts)

   Dex:       It affects your dexterity (+3).
   rC:        It protects you from cold.
   rCorr:     It protects you from acid and corrosion.
 Z - a +0 long sword
Missiles
 i - 7 throwing nets
 o - 6 atropa-tipped darts
Armour
 e - a +2 hat (worn)
 h - a +0 pair of gloves (worn)
 A - a +0 pair of boots (worn)
 G - a +1 cloak (worn)
 I - a +0 buckler (worn)
Magical Staves
 b - a staff of fire
 v - a staff of air
Jewellery
 f - a +6 ring of intelligence (left hand)
 l - a +6 ring of intelligence
 n - a +4 ring of protection
 p - the ring "Banwuokk" (right hand) {rF++ rCorr MP+9 SInv}
   (You bought it in a shop on level 5 of the Dungeon)

   [ring of magical power]

   rF:        It greatly protects you from fire.
   MP:        It affects your magic capacity (+9).
   SInv:      It lets you see invisible.
   rCorr:     It protects you from acid and corrosion.
 t - an amulet of the acrobat
 u - an amulet of reflection
 B - an amulet of magic regeneration (around neck)
Wands
 z - a wand of roots (28)
 F - a wand of mindburst (8)
 J - a wand of flame (24) (quivered)
 O - a wand of quicksilver (17)
Scrolls
 c - a scroll of fog
 g - 4 scrolls of teleportation
 k - 10 scrolls of immolation
 r - 2 scrolls of torment {unknown}
 x - 3 scrolls of enchant weapon
 y - a scroll of brand weapon {unknown}
 L - 4 scrolls of vulnerability
 Q - 2 scrolls of silence
 T - a scroll of fear {unknown}
 W - a scroll of magic mapping
 X - a scroll of enchant armour {unknown}
Potions
 d - 6 potions of might
 j - a potion of resistance {unknown}
 m - a potion of lignification
 s - a potion of invisibility {unknown}
 w - 2 potions of brilliance
 C - 4 potions of curing
 D - 2 potions of haste
 H - 3 potions of flight
 K - 6 potions of ambrosia
 M - 3 potions of magic
 N - a potion of cancellation {unknown}
 P - a potion of experience {unknown}
 S - 2 potions of berserk rage {unknown}
 U - 2 potions of heal wounds {unknown}
 Y - a potion of degeneration
Miscellaneous
 R - a phial of floods (inert)


   Skills:
 + Level 10.8 Fighting
 + Level 4.7(7.0) Short Blades
 - Level 8.1(8.7) Long Blades
 + Level 9.5 Dodging
 + Level 5.8 Stealth
 - Level 4.0 Shields
 + Level 6.2 Spellcasting
 + Level 8.4 Conjurations
 + Level 10.1 Fire Magic
 + Level 10.1 Air Magic
 - Level 4.0 Poison Magic


You had 5 spell levels left.
You knew the following spells:

 Your Spells              Type           Power      Damage    Failure   Level
a - Shock                 Conj/Air       100%       1d9       1%          1
b - Scorch                Fire           100%       2d9       1%          2
c - Airstrike             Air            30%        2d(5-21)  1%          4
d - Mephitic Cloud        Conj/Pois/Air  51%        N/A       1%          3
e - Swiftness             Air            61%        N/A       1%          3
f - Static Discharge      Conj/Air       100%       2-7/arc   1%          2
g - Fireball              Conj/Fire      29%        3d13      4%          5

Your spell library contained the following spells:

 Spells                   Type           Power      Damage    Failure   Level
 Foxfire                  Conj/Fire      100%       2x1d9     1%          1
 Cigotuvi's Dreadful Rot  Necr/Pois/Air  72%        N/A       1%          2
 Poisonous Vapours        Pois/Air       100%       N/A       1%          2
 Flame Wave               Conj/Fire      58%        2d14      1%          4
 Volatile Blastmotes      Fire/Tloc      76%        2d16      3%          3
 Dazzling Flash           Conj/Hex       66%        N/A       4%          3
 Stone Arrow              Conj/Erth      66%        3d11      4%          3
 Beastly Appendage        Tmut           18%        N/A       9%          1
 Sandblast                Erth           18%        2d7       9%          1
 Spider Form              Tmut/Pois      20%        N/A       11%         3
 Ensorcelled Hibernation  Hex/Ice        18%        N/A       13%         2
 Passwall                 Tmut/Erth      7%         N/A       13%         2
 Wereblood                Tmut           9%         N/A       13%         2
 Iskenderun's Mystic Bla  Conj/Tloc      33%        2d8       14%         4
 Freezing Cloud           Conj/Ice/Air   22%        6-21      19%         5
 Anguish                  Hex/Necr       4%         N/A       63%         4
 Dispel Undead            Necr           9%         3d8       63%         4
 Leda's Liquefaction      Hex/Erth       4%         N/A       63%         4
 Lee's Rapid Deconstruct  Erth           4%         3d5*      93%         5
 Plasma Beam              Fire/Air       30%        2x1d47    21%         6
 Starburst                Conj/Fire      29%        6d9       28%         6
 Death Channel            Necr           4%         N/A       100%        6
 Statue Form              Tmut/Erth      6%         N/A       100%        6
 Summon Cactus Giant      Summ           4%         N/A       100%        6


Dungeon Overview and Level Annotations

Branches:
Dungeon (12/15)            Temple (0/1) D:4            Lair (5/5) D:8
  Swamp (0/4) Lair:3       Spider (0/4) Lair:2        Slime (0/5) Lair:4
    Orc (2/2) D:9             Elf (0/3) Orc:2        Bailey (visited)

Altars:
Cheibriados
Gozag
Sif Muna
Wu Jian
Xom
Zin
Jiyva

Shops:
D:4 !   D:5 ?:==*((=[   Orc:1 [   Orc:2 ((*:   Lair:3 ((

Annotations:
D:11 3 runed translucent doors, sentinel's ghost, journeyman MeEE
Orc:1 1 runed translucent door, exclusion: 4 orange crystal statues
Orc:2 Saint Roka


Innate Abilities, Weirdness & Mutations

You can breathe blasts of fire.
Your fiery red scales are hard. (AC +8)
You cannot fit into any form of body armour.
Your flesh is heat resistant. (rF+)
You are cold-blooded and may be slowed by cold attacks.


Message History

Casting: Airstrike (mildly dangerous; 1% risk of failure)
Confirm with . or Enter, or press ? or * to list all spells.
Aiming: Airstrike (mildly dangerous; 1% risk of failure)
Press: ? - help, Dir - move target, f/p - Saint Roka
Aim: Saint Roka, wielding a +0 war axe and wearing a +0 plate armour (almost dead, empty space bonus: 6/8)
The air twists around and strikes Saint Roka!
Saint Roka is almost dead.
The warg barely misses you. Saint Roka barely misses you.
The warg bites you but does no damage.
Casting: Airstrike (mildly dangerous; 1% risk of failure)
Confirm with . or Enter, or press ? or * to list all spells.
Aiming: Airstrike (mildly dangerous; 1% risk of failure)
Press: ? - help, Dir - move target, f/p - Saint Roka
Aim: Saint Roka, wielding a +0 war axe and wearing a +0 plate armour (almost dead, empty space bonus: 6/8)
The air twists around and strikes Saint Roka but does no damage.
The warg bites you!
* * * LOW HITPOINT WARNING * * *
Saint Roka calls down the wrath of Beogh upon you.
Beogh smites you!
* * * LOW HITPOINT WARNING * * *
Casting: Airstrike (mildly dangerous; 1% risk of failure)
Confirm with . or Enter, or press ? or * to list all spells.
Aiming: Airstrike (mildly dangerous; 1% risk of failure)
Press: ? - help, Dir - move target, f/p - Saint Roka
Aim: Saint Roka, wielding a +0 war axe and wearing a +0 plate armour (almost dead, empty space bonus: 6/8)
Okay, then.
Blink to where?
Press: ? - help, Dir - move target, p - Saint Roka
As you read the scroll of blinking, it crumbles to dust.
Casting: Airstrike (mildly dangerous; 1% risk of failure)
Confirm with . or Enter, or press ? or * to list all spells.
Aiming: Airstrike (mildly dangerous; 1% risk of failure)
Press: ? - help, Dir - move target, f - Saint Roka
Aim: Saint Roka, wielding a +0 war axe and wearing a +0 plate armour (translocational energy, almost dead, empty space bonus: 7/8)
The air twists around and strikes Saint Roka!!
Saint Roka is almost dead.
Saint Roka invokes the aid of Beogh against you.
Beogh smites you!
You die...
Your body crumbles into a pile of gold.

## ## ### ####################
.## ##.##.####.##.#.#.##.##.#.#.#
..###...................$$$......
...###..........@$...$.#)$$.$....
....##.........$...$.$$$$..$.....
.......$.o.......$.#$.$#$..#.....
...........h.....$..#.##..###....
.....$..$...$#......###.....#..$.
...............$...####.......$..
..................$.##........#..
......$.............##...#..$#...
....................###.###.###..


You could see Saint Roka and a warg.

Vanquished Creatures
  Gastronok (Lair:2)
  3 hydras
  4 ogre magi (Orc:2)
  11 two-headed ogres (Orc:2)
  2 boulder beetles (D:11)
  4 death yaks
  A skyshark (Lair:5)
  A deep elf pyromancer (D:11)
  An orc knight (Orc:1)
  An orc sorcerer (Orc:2)
  A cyclops (Orc:2)
  An elephant (Lair:4)
  2 black mambas
  11 cane toads
  4 rime drakes
  10 komodo dragons
  4 trolls
  A polar bear (Lair:4)
  Grinder (D:5)
  15 blink frogs
  A hornet (D:9)
  A shadow (D:11)
  5 wyverns
  48 yaks
  2 wraiths (D:10)
  5 basilisks
  2 steam dragons
  A redback (Lair:2)
  Menkaure (D:6)
  3 wargs
  2 swamp worms (Lair:3)
  9 water moccasins
  3 black bears
  4 orc warriors
  A sky beast (D:8)
  18 ogres
  10 wolves
  5 centaurs
  A kobold brigand (D:10)
  8 gnoll sergeants
  10 bullfrogs
  A scorpion (D:8)
  4 wights (D:7)
  8 killer bees
  4 howler monkeys
  3 electric eels
  5 orc priests
  6 hounds
  7 jellies
  4 gnoll boudas (Bailey)
  2 iguanas
  4 sleepcaps
  Terence (D:3)
  11 orc wizards
  5 hell rats
  Robin (D:3)
  22 gnolls
  5 adders
  A shadow imp (D:4)
  A white imp (D:7)
  2 worms (D:3)
  3 dart slugs (D:1)
  47 orcs
  5 endoplasms
  4 giant cockroaches
  16 goblins
  9 hobgoblins
  4 jackals
  5 quokkas
  7 ball pythons
  7 bats
  4 frilled lizards
  13 kobolds
  3 rats
  A butterfly (Lair:4)
444 creatures vanquished.

Notes
Turn   | Place    | Note
-------+----------+-------------------------------------------
     0 | D:1      | Fymir27 the Draconian Air Elementalist began the quest for
                  | the Orb.
     0 | D:1      | Reached XP level 1. HP: 14/14 MP: 3/3
   185 | D:1      | Reached XP level 2. HP: 20/20 MP: 1/5
   638 | D:1      | Reached XP level 3. HP: 27/27 MP: 4/6
   641 | D:1      | Learned a level 2 spell: Static Discharge
   645 | D:1      | Learned a level 3 spell: Swiftness
  1048 | D:2      | Found a shimmering blue altar of Sif Muna.
  1219 | D:2      | Found a faded altar of an unknown god.
  1269 | D:2      | Reached skill level 1 in Fighting
  1908 | D:3      | Noticed Robin
  1969 | D:3      | Found a glowing silver altar of Zin.
  1969 | D:3      | Found an opulent altar of Gozag.
  2027 | D:3      | Reached XP level 4. HP: 35/35 MP: 0/7
  2132 | D:3      | Killed Robin
  2259 | D:3      | Noticed Terence
  2277 | D:3      | Killed Terence
  2278 | D:3      | Reached XP level 5. HP: 24/40 MP: 1/8
  2859 | D:3      | Found a shimmering altar of Xom.
  2859 | D:3      | Found a shimmering altar of Xom.
  2860 | D:3      | Found a shimmering altar of Xom.
  2860 | D:3      | Found a shimmering altar of Xom.
  2867 | D:3      | Found a shimmering altar of Xom.
  2868 | D:3      | Noticed a black bear
  3110 | D:3      | Found a shimmering altar of Xom.
  3415 | D:3      | Found a shimmering altar of Xom.
  3530 | D:4      | Reached XP level 6. HP: 47/48 MP: 0/10
  3623 | D:4      | Learned a level 4 spell: Airstrike
  3645 | D:4      | Found Jien's Distillery.
  3651 | D:4      | Bought a potion of curing for 42 gold pieces
  3976 | D:3      | Became a worshipper of Gozag Ym Sagoz the Greedy
  4098 | D:4      | Found a staircase to the Ecumenical Temple.
  4356 | D:5      | Entered Level 5 of the Dungeon
  4356 | D:5      | Found Wetytyr's Jewellery Emporium.
  4392 | D:5      | Found Qomot's General Store.
  4395 | D:5      | Found Xiub Ses's Weapon Shoppe.
  4410 | D:5      | Found Gejes's Weapon Shoppe.
  4411 | D:5      | Found Cawk's Jewellery Shoppe.
  4484 | D:5      | Found Udumn's Jewellery Emporium.
  4503 | D:5      | Reached skill level 5 in Air Magic
  4503 | D:5      | Your scales start taking on a fiery red colour.
  4503 | D:5      | Reached XP level 7. HP: 5/56 MP: 0/11
  4503 | D:5      | Gained mutation: Your flesh is heat resistant. (rF+) [Red
                  | Draconian growth]
  4689 | D:5      | Found a snail-covered altar of Cheibriados.
  4745 | D:5      | Found an ornate altar of the Wu Jian Council.
  4759 | D:5      | Noticed a troll
  4983 | D:5      | Killed a troll
  5026 | D:5      | Noticed Grinder
  5120 | D:5      | Killed Grinder
  5121 | D:5      | Reached XP level 8. HP: 63/63 MP: 0/13
  5146 | D:5      | Found Vuiq's Book Shop.
  5232 | D:5      | Found Fenei's Magic Scroll Shop.
  5385 | D:5      | Found Quevus's Antique Armour Shop.
  5721 | D:6      | Noticed Menkaure
  5724 | D:6      | Killed Menkaure
  5729 | D:6      | Identified the +0 leather armour "Mos Fais" {*Slow rElec
                  | rPois}
  5935 | D:6      | Reached skill level 1 in Long Blades
  6999 | D:7      | Found a flagged portal.
  7004 | Bailey   | Entered a bailey
  7008 | Bailey   | Reached XP level 9. HP: 70/72 MP: 3/15
  7116 | Bailey   | HP: 2/72 [gnoll/+0 halberd (7)]
  7575 | Bailey   | Reached skill level 5 in Fighting
  7635 | Bailey   | Reached skill level 5 in Spellcasting
  7924 | Bailey   | Learned a level 3 spell: Mephitic Cloud
  8130 | D:7      | Reached skill level 5 in Dodging
  8169 | D:6      | Reached skill level 1 in Poison Magic
  8219 | D:5      | Bought the ring "Banwuokk" {rF++ rCorr MP+9 SInv} for 651
                  | gold pieces
  9620 | D:8      | Reached skill level 1 in Fire Magic
  9620 | D:8      | Reached XP level 10. HP: 57/83 MP: 17/17
  9696 | D:8      | Reached skill level 1 in Shields
 10288 | D:8      | Found a staircase to the Lair.
 11388 | D:9      | Reached skill level 5 in Long Blades
 11407 | D:9      | Learned a level 2 spell: Scorch
 12201 | D:9      | Found a staircase to the Orcish Mines.
 12575 | Orc:1    | Entered Level 1 of the Orcish Mines
 12730 | D:10     | Entered Level 10 of the Dungeon
 12806 | D:10     | Reached XP level 11. HP: 91/92 MP: 19/19
 13070 | Orc:1    | Found Gifres's Antique Armour Shoppe.
 13089 | Orc:1    | Found a runed translucent door.
 13123 | Orc:1    | Found the +10 tower shield of Ignorance {rN+ Int-4}
 13126 | Orc:1    | You fall into a shaft and drop 1 floor!
 13126 | Orc:2    | Entered Level 2 of the Orcish Mines
 13126 | Orc:2    | Found a staircase to the Elven Halls.
 13128 | Orc:2    | Noticed an orc knight
 13197 | Orc:1    | Found a runed translucent door.
 13204 | Orc:1    | Noticed an orange crystal statue
 13204 | Orc:1    | Noticed an orange crystal statue
 13204 | Orc:1    | Noticed an orange crystal statue
 13204 | Orc:1    | Noticed an orange crystal statue
 13366 | Orc:1    | Killed an orc knight
 14264 | D:11     | Noticed a boulder beetle
 14304 | D:11     | Killed a boulder beetle
 14492 | D:11     | Reached skill level 5 in Fire Magic
 14514 | D:11     | Noticed a deep elf pyromancer
 14523 | D:11     | Killed a deep elf pyromancer
 14653 | D:11     | Noticed a boulder beetle
 14672 | D:11     | Killed a boulder beetle
 14697 | D:11     | Found a runed translucent gate.
 14697 | D:11     | Found a runed translucent gate.
 14697 | D:11     | Found a runed translucent gate.
 14698 | D:11     | Noticed sentinel's ghost (journeyman MeEE)
 14699 | D:11     | Noticed a glowing orange brain
 15011 | D:11     | Found a viscous altar of Jiyva.
 15137 | Lair:1   | Entered Level 1 of the Lair of Beasts
 15455 | Lair:1   | Learned a level 5 spell: Fireball
 15487 | Lair:1   | Reached skill level 5 in Conjurations
 16035 | Lair:2   | Found a hole to the Spider Nest.
 16086 | Lair:2   | Noticed Gastronok
 16119 | Lair:2   | Reached XP level 12. HP: 70/102 MP: 14/21
 16130 | Lair:2   | Killed Gastronok
 17113 | Lair:3   | Reached skill level 10 in Air Magic
 17300 | Lair:3   | Found a staircase to the Swamp.
 18497 | Lair:4   | Noticed a death yak
 18497 | Lair:4   | Noticed a death yak
 18497 | Lair:4   | Noticed a death yak
 18497 | Lair:4   | Noticed a death yak
 18684 | Lair:3   | Bought a shimmering rapier for 180 gold pieces
 18684 | Lair:3   | Identified the +6 rapier "Xenurawoff" {elec, Str-5 Int+6}
                  | (You bought it in a shop on level 3 of the Lair of Beasts)
 18685 | Lair:3   | Bought an iridescent dagger for 140 gold pieces
 18685 | Lair:3   | Identified the +1 dagger of Grandeur {vamp, rC+ rCorr
                  | Dex+3} (You bought it in a shop on level 3 of the Lair of
                  | Beasts)
 19047 | Lair:3   | Killed a death yak
 19048 | Lair:3   | Reached skill level 1 in Short Blades
 19111 | Lair:3   | Killed a death yak
 19120 | Lair:3   | Killed a death yak
 19121 | Lair:3   | Reached XP level 13. HP: 95/112 MP: 1/22
 19350 | Lair:4   | Found a staircase to the Slime Pits.
 19437 | Lair:4   | You fall into a shaft and drop 1 floor!
 19437 | Lair:5   | Entered Level 5 of the Lair of Beasts
 20113 | Lair:5   | Found an ornate altar of the Wu Jian Council.
 20208 | Lair:5   | Reached skill level 10 in Fighting
 20374 | Lair:5   | Noticed a dire elephant
 20669 | Lair:4   | Upgraded the game from 0.30.0-16-gbe6223bb7e to
                  | 0.30.0-17-ge0270778cf
 20798 | Orc:2    | Noticed Saint Roka
 20805 | Orc:2    | Found Civvouce's Weapon Boutique.
 20805 | Orc:2    | Found Sekese's Book Emporium.
 20805 | Orc:2    | Found Ekhlaon's Antique Weapon Shoppe.
 20805 | Orc:2    | Found Neruall's General Store.
 20940 | Orc:2    | Reached skill level 5 in Stealth
 21523 | Orc:2    | Reached skill level 10 in Fire Magic
 21565 | Orc:2    | Reached XP level 14. HP: 122/122 MP: 18/23
 21716 | Orc:2    | Killed from afar by Saint Roka

Illustrated notes

Levels and vault maps discovered:
D:1:      dpeg_arrival_orchard, layout_loops_ring, fountainhead,
          minmay_octomino_c4
D:2:      layout_basic, basic_ecumenical_altar, basic_altar
D:3:      layout_rooms, grunt_temple_overflow_gold_and_silver, xom_redecorated,
          uniq_terence, uniq_robin
D:4:      layout_basic, minmay_temple_entry_nine_rooms, serial_shops,
          nicolae_shop_behind_doors
D:5:      layout_basic, pdpol_wu_jian_five_deadly_venoms, old_standard_altar,
          serial_shops, nicolae_lakefront_shop, nicolae_stop_n_shop_2,
          kennysheep_mini_moat, shop, shop, minmay_shop_grid_forest,
          uniq_grinder
D:6:      layout_layer_cave, uniq_menkaure
D:7:      layout_gridville, enter_bailey_4, minmay_misc_feat_rows
D:8:      layout_basic, minmay_lair_entry_grove, grunt_ministairs_6
D:9:      cheibrodos_helix_gallery, layout_layer_cave, orc_0_dummy
D:10:     layout_rooms
D:11:     layout_loops_ring, gammafunk_ghost_ooze
D:12:     layout_loops_ring, serial_rivers, chequers_serial_rivers_large_b,
          chequers_serial_rivers_micro_e, chequers_serial_rivers_room_a,
          chequers_serial_rivers_room_b, chequers_serial_rivers_micro_e,
          hangedman_decor_push
Lair:1:   layout_roguey, grunt_megastairs_3
Lair:2:   layout_roguey, spider_nest_entry_webs, st_stairs_8,
          serial_bayou_shore_a, uniq_gastronok
Lair:3:   layout_gridlike, nicolae_swamp_entry_splash_gauntlet,
          grunt_forest_stairs_basic, beast_lair_carwin_8, grunt_megastairs_1,
          serial_bayou_shore_b
Lair:4:   layout_regular_city, dpeg_slime_entry_corner, serial_forest,
          infiniplex_forest_lined_2, infiniplex_forest_end_1,
          infiniplex_forest_straight_4, infiniplex_forest_pool,
          infiniplex_forest_clump_curved, infiniplex_forest_straight_5,
          infiniplex_forest_corner_1, lemuel_fruit_fields
Lair:5:   evil_forest, layout_loops_ring, basic_altar, lemuel_fruit_fields
Orc:1:    layout_caves, serial_shops, shop, chequers_guarded_unrand_ignorance
Orc:2:    st_orc_ogre_mass, layout_caves, basic_altar, uniq_saint_roka

Skill      XL: |  1  2  3  4  5  6  7  8  9 10 11 12 13 |
---------------+----------------------------------------+-----
Dodging        | 2 3 4 5 6 7 8 9 |  9.5
Stealth        | 2 3 4 5 |  5.8
Fighting       | 1 2 3 4 5 7 8 9 10 | 10.8
Air Magic      | 4 5 7 8 9 10 | 10.1
Conjurations   | 2 3 4 5 7 8 |  8.4
Spellcasting   | 3 4 5 6 |  6.2
Long Blades    | 2 4 5 6 8 |  8.1
Poison Magic   | 2 4 |  4.0
Fire Magic     | 1 4 6 8 10 | 10.1
Shields        | 3 4 |  4.0
Short Blades   | 1 4 |  4.7

Action                     |  1- 3 |  4- 6 |  7- 9 | 10-12 | 13-15 || total
---------------------------+-------+-------+-------+-------+-------++-------
  Melee: Staff             |    18 |       |       |     8 |     4 ||    30
         Short sword       |       |    43 |     9 |     8 |       ||    60
         Tailslap          |       |     5 |     5 |    22 |    10 ||    42
         Great sword       |       |       |    54 |       |       ||    54
         Falchion          |       |       |     9 |    42 |       ||    51
         Long sword        |       |       |       |    40 |       ||    40
         Rapier            |       |       |       |     1 |    31 ||    32
         Dagger            |       |       |       |       |    21 ||    21
   Cast: Shock             |    73 |   143 |    76 |   174 |    10 ||   476
         Static Discharge  |     1 |     9 |    11 |    11 |     6 ||    38
         Airstrike         |       |       |    84 |   180 |   122 ||   386
         Swiftness         |       |       |     2 |     5 |       ||     7
         Scorch            |       |       |       |   145 |    48 ||   193
         Mephitic Cloud    |       |       |       |    46 |    17 ||    63
         Fireball          |       |       |       |     4 |     8 ||    12
 Invoke: Call Merchant     |       |       |       |     2 |       ||     2
         Potion Petition   |       |       |       |       |     2 ||     2
Ability: Breathe Fire      |       |       |     8 |    18 |     4 ||    30
  Evoke: Wand              |       |       |     6 |     9 |    10 ||    25
         Phial of floods   |       |       |       |       |     2 ||     2
    Use: Scroll            |     2 |       |    11 |     7 |    10 ||    30
         Potion            |       |       |       |     1 |     6 ||     7
   Stab: Paralysed         |       |       |     7 |       |       ||     7
         Distracted        |       |       |     1 |       |       ||     1
         Confused          |       |       |       |     8 |     5 ||    13
         Sleeping          |       |       |       |     1 |     2 ||     3
 Armour: Skin              |    14 |    20 |    52 |    58 |    28 ||   172
  Dodge: Dodged            |    19 |    78 |   157 |   151 |    74 ||   479
  Block: Buckler           |       |       |     4 |    68 |    28 ||   100
